 Dungeon Crawl Stone Soup version 0.31.0-32-g396128a36d (webtiles) character file.

Game seed: 2103938394826166370

13436 gohu the Thaumaturge (level 12, -28/89 HPs)
             Began as a Djinni Fire Elementalist on Mar 11, 2024.
             Was a Believer of Makhleb.
             Killed from afar by an ice statue (46 damage)
             ... with a bolt of cold
             ... in a Gauntlet.
             The game lasted 00:30:40 (9489 turns).

gohu the Thaumaturge (Djinni Fire Elementalist)     Turns: 9489, Time: 00:30:41

Health: -28/89     AC:  5    Str: 13    XL:     12   Next: 32%
Gold:   484        EV:  8    Int: 22    God:    Makhleb [**....] SH: 15 Dex: 14

rFire   + + +        b - staff of conjuration
rCold   x . .        w - +1 tower shield {rF+}
rNeg    . . .        F - +0 troll leather armour
rPois   ∞            h - +0 helmet
rElec   .            i - +0 cloak
rCorr   .            (no gloves)
SInv    .            (boots unavailable)
Will    +....        B - amulet of regeneration
Stlth   ++           q - +6 ring of strength
HPRegen 1.94/turn    (no ring)
MPRegen 0.00/turn

%: no teleportation, infuse magic (-29 HP)
@: flying
A: sickness immunity, fire resistance 2, cold vulnerability 1, float, innate
caster, HP casting, extra vitality 1
a: Renounce Religion, Minor Destruction


You were in a Gauntlet.
You worshipped Makhleb.
Makhleb was pleased with you.
You visited 3 branches of the dungeon, and saw 12 of its levels.
You also visited: Gauntlet.

You collected 613 gold pieces.
You spent 129 gold pieces at shops.

Inventory:

Hand Weapons
 G - a +0 demon whip of venom
Missiles
 p - a throwing net
Armour
 a - a +0 robe
 h - a +0 helmet (worn)
 i - a +0 cloak (worn)
 w - a +1 tower shield of fire resistance (worn)
 A - +0 steam dragon scales
 F - a +0 troll leather armour (worn)
Magical Staves
 b - a staff of conjuration (weapon)
Jewellery
 q - a +6 ring of strength (left hand)
 B - an amulet of regeneration (around neck)
Wands
 o - a wand of polymorph (18)
 x - a wand of charming (6)
Scrolls
 f - 4 scrolls of teleportation {unknown}
 g - 2 scrolls of enchant weapon
 k - a scroll of silence
 m - a scroll of immolation
 s - 4 scrolls of fear {unknown}
 u - 2 scrolls of revelation
 y - a scroll of blinking
 C - a scroll of brand weapon
 E - a scroll of amnesia
 H - a scroll of fog
Potions
 c - 4 potions of curing
 e - 7 potions of heal wounds
 j - 3 potions of haste
 l - 3 potions of berserk rage
 n - 3 potions of degeneration
 r - 3 potions of resistance
 t - 3 potions of ambrosia
 v - 2 potions of brilliance
 z - 4 potions of enlightenment
 D - a potion of invisibility
 I - a potion of lignification


   Skills:
 + Level 9.3 Fighting
 - Level 2.1 Dodging
 - Level 1.5 Stealth
 * Level 6.3 Shields
 * Level 12.4 Spellcasting
 * Level 12.4 Conjurations
 * Level 12.4 Hexes
   Level 0.0 Charms
 * Level 12.4 Summonings
 * Level 12.4 Necromancy
 * Level 12.4 Translocations
   Level 0.0 Transmutations
 * Level 12.4 Fire Magic
 * Level 12.4 Ice Magic
 * Level 12.4 Air Magic
 * Level 12.4 Earth Magic
 * Level 12.4 Alchemy


You knew the following spells:

 Your Spells              Type           Power      Damage    Failure   Level
a - Foxfire               Conj/Fire      100%       2x1d9     1%          1
b - Scorch                Fire           100%       2d9       1%          2
c - Flame Wave            Conj/Fire      80%        2d17      4%          4
d - Inner Flame           Hex/Fire       62%        N/A       1%          3
e - Volatile Blastmotes   Fire/Tloc      100%       2d18      1%          3
f - Apportation           Tloc           100%       N/A       1%          1
g - Jinxbite              Hex            100%       N/A       1%          2
h - Vampiric Draining     Necr           62%        2d10      1%          3
i - Petrify               Alch/Erth      62%        N/A       4%          4
j - Anguish               Hex/Necr       31%        N/A       4%          4
Your spell library was empty.

Dungeon Overview and Level Annotations

Branches:
Dungeon (9/15)             Temple (1/1) D:7            Lair (2/5) D:9
  Swamp (0/4) Lair:2      Gauntlet (1/1)
  Snake: Lair:2-3    Spider: Lair:2-3       Orc: D:9-12

Altars:
Ashenzari
Cheibriados
Dithmenos
Elyvilon
Fedhas
Gozag
Hepliaklqana
Makhleb
Nemelex Xobeh
Okawaru
Qazlal
Ru
Trog
Uskayaw
Wu Jian
Xom
Yredelemnul
Zin
The Shining One

Shops:
D:1 *   D:3 (   D:6 :

Annotations:
D:3 3 runed translucent doors, aheadsoundss's ghost, amateur OpBr Gauntlet 12 transporters, 5 runed translucent doors, exclusion: ice statue


Innate Abilities, Weirdness & Mutations

You are immune to sickness and miasma.
You are immune to poison.
Your flesh is very heat resistant. (rF++)
You are vulnerable to cold. (rC-)
You float through the air rather than walking.
You learn spells naturally, not from books.
Your magical power is your life essence.
You have superior vitality. (+4 MHP)


Message History

You kill the rime drake!
Makhleb accepts your kill.
The flame wave engulfs the plant.
The plant is moderately damaged.
The flame wave engulfs the plant!
The plant is moderately damaged. (Press . to intensify the flame waves.)
A nearby plant withers and dies. x3
Okay, then.
A nearby plant withers and dies.
Okay, then.
The ice statue gestures at you. You block the shard of ice.
The wolf howls!
You hear a howl!
The ice statue gestures at you. The freezing blast engulfs you!
You feel a terrible chill!
Casting: Flame Wave (dangerous; 4% risk of failure)
Confirm with . or Enter, or press ? or * to list all spells.
Casting: Flame Wave (dangerous; 4% risk of failure)
Press: ? - help, Dir - look around, f - activate You feel a surge of power!
A wave of flame ripples out!
You hear a sizzling sound! x2
The flame wave engulfs the ice statue.
The ice statue melts!
The ice statue is lightly damaged.
You hear a sizzling sound! x2 (Press . to intensify the flame waves.)
The moth of wrath's fur bristles in rage as it notices you.
You are engulfed in freezing vapours.
A wave of flame ripples out!
The flame wave engulfs the ice statue!
The ice statue melts!
The ice statue is moderately damaged.
You hear a sizzling sound! x4
You are engulfed in freezing vapours.
* * * LOW HITPOINT WARNING * * *
The ice statue gestures at you. The bolt of cold misses you.
The ice statue gestures at you. The bolt of cold hits you!!!
You feel a terrible chill!
Ouch! That really hurt!
You die...

####..♣.PP♣.#.#########.##
#≈≈.........#.#.......#©#©
#≈..#########.#...♣P..###.
##...#.......#.#.P..P....#.
##≈.∩.#.⌠.#.#=#.#.#≈#≈#P..#.
##≈≈...#.......#.#.≈≈≈≈≈PP.##
#≈≈≈♣.©#.8†©.#©#©#.#≈#≈#P♣...
##≈≈...#...†...#.#.≈≈≈≈≈PP.##
##≈.∩.#.8.#@#$#.#.#≈#≈#P..#.
##...#..○..☼8#.#..P.PP...#.
#≈..#########.#...♣P..###.
#≈≈.........#.#.......#©#.
####..♣..P♣.#.#########.#.
#≈...P.P.#.#y..hhhy#.#.
#≈≈..♣...#.#h.####.#.#.
####...P.#.#.#. h#.#.##
#≈..♣.#©#.#.©h#©#©#.


You could see an ice statue, a moth of wrath and a wolf.

Vanquished Creatures
  Amaemon (D:8)
  A will-o-the-wisp (Lair:2)
  An elephant (D:9)
  A torpor snail (Lair:1)
  2 cane toads (Lair:1)
  An orange demon (D:8)
  3 rime drakes
  3 komodo dragons (Lair:1)
  A troll (D:8)
  A polar bear (Lair:1)
  4 blink frogs (Lair:2)
  Grinder (D:6)
  3 dream sheep (Lair:1)
  Sigmund (D:6)
  A wyvern (D:9)
  A shadow (D:9)
  21 yaks
  A steam dragon (D:6)
  4 water moccasins
  3 black bears
  4 wolves (Lair:1)
  2 ogres
  3 centaurs
  A kobold brigand (D:8)
  A phantom (D:7)
  A weeping skull (D:8)
  8 bullfrogs
  6 scorpions
  9 wights (D:7)
  6 howler monkeys
  A crimson imp (D:7)
  A bombardier beetle (D:5)
  3 hounds
  A gnoll bouda (D:4)
  7 iguanas
  2 orc wizards
  10 gnolls
  9 adders
  2 shadow imps
  4 white imps
  4 ufetubi
  3 dart slugs
  2 ribbon worms (D:4)
  12 orcs
  8 ball pythons
  5 bats
  11 endoplasms
  6 giant cockroaches
  9 goblins
  7 hobgoblins
  8 kobolds
  2 quokkas
  3 frilled lizards (D:2)
  8 rats
  A spectral goblin (D:8)
  A spectral orc (D:8)
226 creatures vanquished.

Vanquished Creatures (collateral kills)
  2 foxfires (Lair:1)
2 creatures vanquished.

Vanquished Creatures (others)
  424 foxfires
424 creatures vanquished.

Grand Total: 652 creatures vanquished

Notes
Turn   | Place    | Note
-------+----------+-------------------------------------------
     0 | D:1      | gohu the Djinni Fire Elementalist began the quest for the
                  | Orb.
     0 | D:1      | gohu set off with the following spells memorised: Foxfire,
                  | Scorch, Volatile Blastmotes, Inner Flame, Flame Wave.
     0 | D:1      | Reached XP level 1. HP: 15/15 MP: 0/0
   162 | D:1      | Reached XP level 2. HP: 20/21 MP: 0/0
   340 | D:1      | Found Foplaecs's Assorted Antiques.
   381 | D:1      | Reached XP level 3. HP: 24/25 MP: 0/0
   381 | D:1      | Learned a level 1 spell: Apportation
   390 | D:1      | Bought a glowing cyan potion for 17 gold pieces
  1039 | D:2      | Reached XP level 4. HP: 29/31 MP: 0/0
  1155 | D:2      | Found a faded altar of an unknown god.
  1167 | D:2      | Found an iron altar of Okawaru.
  1332 | D:3      | Found Ziqarat's Antique Weapon Boutique.
  1505 | D:3      | Reached XP level 5. HP: 23/35 MP: 0/0
  1505 | D:3      | Learned a level 2 spell: Jinxbite
  1730 | D:3      | Reached skill level 5 in Spellcasting
  1730 | D:3      | Reached skill level 5 in Conjurations
  1730 | D:3      | Reached skill level 5 in Hexes
  1730 | D:3      | Reached skill level 5 in Summonings
  1730 | D:3      | Reached skill level 5 in Necromancy
  1730 | D:3      | Reached skill level 5 in Translocations
  1730 | D:3      | Reached skill level 5 in Fire Magic
  1730 | D:3      | Reached skill level 5 in Ice Magic
  1730 | D:3      | Reached skill level 5 in Air Magic
  1730 | D:3      | Reached skill level 5 in Earth Magic
  1730 | D:3      | Reached skill level 5 in Alchemy
  1963 | D:3      | Found a runed translucent gate.
  1963 | D:3      | Found a runed translucent gate.
  1963 | D:3      | Found a runed translucent gate.
  1964 | D:3      | Found an opulent altar of Gozag.
  1964 | D:3      | Noticed aheadsoundss's ghost (amateur OpBr)
  2379 | D:1      | Bought a viscous amethyst potion for 17 gold pieces
  2379 | D:1      | Bought a scroll labelled DUOPLIE GOMOA for 19 gold pieces
  2379 | D:1      | Bought a scroll labelled ZUZOEDW UDEDIE for 19 gold pieces
  2379 | D:1      | Bought a scroll labelled ZUZOEDW UDEDIE for 19 gold pieces
  2379 | D:1      | Bought a scroll labelled GOSENL TASTUWK for 19 gold pieces
  2379 | D:1      | Bought a scroll labelled ZUZOEDW UDEDIE for 19 gold pieces
  2675 | D:4      | Reached XP level 6. HP: 36/40 MP: 0/0
  2971 | D:4      | Reached XP level 7. HP: 36/45 MP: 0/0
  2971 | D:4      | Learned a level 3 spell: Vampiric Draining
  3306 | D:4      | Found a hide-covered altar of Uskayaw.
  3420 | D:5      | Entered Level 5 of the Dungeon
  3532 | D:5      | Reached skill level 1 in Fighting
  3562 | D:5      | Reached XP level 8. HP: 51/52 MP: 0/0
  3997 | D:5      | Found a snail-covered altar of Cheibriados.
  4144 | D:5      | Found an ornate altar of the Wu Jian Council.
  4303 | D:6      | Noticed Grinder
  4303 | D:6      | Found Meoluru's Book Shoppe.
  4443 | D:6      | Killed Grinder
  4460 | D:6      | Reached XP level 9. HP: 34/62 MP: 0/0
  4460 | D:6      | Learned a level 4 spell: Petrify
  4725 | D:6      | Noticed Sigmund
  4728 | D:6      | Killed Sigmund
  4867 | D:6      | Found a shadowy altar of Dithmenos.
  5099 | D:7      | Found a staircase to the Ecumenical Temple.
  5104 | Temple   | Entered the Ecumenical Temple
  5122 | Temple   | Became a worshipper of Makhleb the Destroyer
  5386 | D:7      | Reached skill level 5 in Fighting
  5421 | D:7      | Found a white marble altar of Elyvilon.
  5945 | D:7      | Found a sparkling altar of Nemelex Xobeh.
  6026 | D:7      | Reached XP level 10. HP: 68/72 MP: 0/0
  6085 | D:7      | Found a broken altar of Ashenzari.
  6087 | D:7      | Found a sacrificial altar of Ru.
  6611 | D:8      | Reached skill level 10 in Spellcasting
  6611 | D:8      | Reached skill level 10 in Conjurations
  6611 | D:8      | Reached skill level 10 in Hexes
  6611 | D:8      | Reached skill level 10 in Summonings
  6611 | D:8      | Reached skill level 10 in Necromancy
  6611 | D:8      | Reached skill level 10 in Translocations
  6611 | D:8      | Reached skill level 10 in Fire Magic
  6611 | D:8      | Reached skill level 10 in Ice Magic
  6611 | D:8      | Reached skill level 10 in Air Magic
  6611 | D:8      | Reached skill level 10 in Earth Magic
  6611 | D:8      | Reached skill level 10 in Alchemy
  6651 | D:8      | Noticed an orange demon
  6671 | D:8      | Reached * piety under Makhleb
  6672 | D:8      | Killed an orange demon
  6684 | D:8      | Noticed Amaemon
  6706 | D:8      | Killed Amaemon
  6785 | D:8      | Found a hazy altar of Hepliaklqana.
  7024 | D:8      | Found a basalt altar of Yredelemnul.
  7653 | D:9      | Found a staircase to the Lair.
  7653 | D:9      | Noticed an elephant
  7698 | D:9      | Reached XP level 11. HP: 78/79 MP: 0/0
  7698 | D:9      | Learned a level 4 spell: Anguish
  7704 | D:9      | Killed an elephant
  8251 | Lair:1   | Entered Level 1 of the Lair of Beasts
  8286 | Lair:1   | Reached skill level 1 in Shields
  8331 | Lair:1   | Reached ** piety under Makhleb
  8826 | Lair:1   | Reached skill level 5 in Shields
  8826 | Lair:1   | Reached XP level 12. HP: 64/88 MP: 0/0
  9213 | Lair:2   | Found a gate leading to a gauntlet.
  9246 | Gauntlet | Entered a Gauntlet
  9246 | Gauntlet | Found a transporter.
  9253 | Gauntlet | Found a transporter.
  9255 | Gauntlet | Found a transporter.
  9257 | Gauntlet | Noticed an arcanist
  9272 | Gauntlet | Found a transporter.
  9273 | Gauntlet | Found a transporter.
  9279 | Gauntlet | Noticed a glowing orange brain
  9284 | Gauntlet | Found a transporter.
  9297 | Gauntlet | Noticed a green death
  9299 | Gauntlet | Found a runed translucent gate.
  9300 | Gauntlet | Found a transporter.
  9300 | Gauntlet | Found a runed translucent gate.
  9301 | Gauntlet | Found a runed translucent gate.
  9308 | Gauntlet | Found a runed translucent door.
  9310 | Gauntlet | Found a transporter.
  9312 | Gauntlet | Found a runed translucent door.
  9312 | Gauntlet | Noticed a hell beast
  9314 | Gauntlet | Found a transporter.
  9314 | Gauntlet | Found a transporter.
  9335 | Gauntlet | Found a transporter.
  9338 | Gauntlet | Found a transporter.
  9370 | Gauntlet | Found a transporter.
  9489 | Gauntlet | Killed from afar by an ice statue

Illustrated notes

Levels and vault maps discovered:
D:1:      heliophobic_arrival_enchanted_forest, layout_loops_ring, serial_shops,
          nicolae_shop_statue_plus
D:2:      layout_rooms, basic_altar, basic_ecumenical_altar
D:3:      layout_basic, kiku_gazebo_pond_becter, ebering_ghost_gozag,
          serial_shops, shop
D:4:      layout_gridville, nicolae_uskayaw_dance_hall
D:5:      layout_rooms, mainiacjoe_overflow_tiny_flanked,
          kennysheep_slug_shrine, hangedman_decor_lopped
D:6:      layout_rooms, overflow_temple_1_default, serial_shops, shop_statue,
          uniq_grinder, uniq_sigmund
D:7:      layout_basic, lemuel_tele_altar, marbit_many_paths,
          jmf_multi_god_temple, temple_statues, minmay_door_square,
          minmay_fire_ice_demons
D:8:      layout_gridville, yredelemnul_forgotten_temple_becter,
          nicolae_hepliaklqana_monster_ancestors, uniq_amaemon
D:9:      layout_stronghold, david_lair_generic, serial_column_ruins,
          column_ruins_courtyard_long, column_ruins_square_medium,
          column_ruins_open_large, column_ruins_grid_2, column_ruins_open_tiny,
          column_ruins_columns_straight
Temple:   chequers_temple_sunken
Lair:1:   layout_loops_ring
Lair:2:   layout_gridlike, minmay_swamp_entry_wisps, gauntlet_entry_generic,
          minmay_stone_trees_small
Gauntlet: minmay_gauntlet_77_tree [minmay_gauntlet_arena_77_museum,
          minmay_gauntlet_arena_77_box, minmay_gauntlet_arena_77_checkered,
          minmay_gauntlet_arena_77_chump_sandwich,
          minmay_gauntlet_arena_77_shame_cube,
          minmay_gauntlet_arena_77_run_for_it,
          minmay_gauntlet_arena_77_two_lines, gauntlet_exit_green]

Skill      XL: |  1  2  3  4  5  6  7  8  9 10 11 12 |
---------------+-------------------------------------+-----
Spellcasting   | 4 5 6 7 8 9 11 12 | 12.4
Conjurations   | 4 5 6 7 8 9 11 12 | 12.4
Hexes          | 4 5 6 7 8 9 11 12 | 12.4
Summonings     | 4 5 6 7 8 9 11 12 | 12.4
Necromancy     | 4 5 6 7 8 9 11 12 | 12.4
Translocations | 4 5 6 7 8 9 11 12 | 12.4
Fire Magic     | 4 5 6 7 8 9 11 12 | 12.4
Ice Magic      | 4 5 6 7 8 9 11 12 | 12.4
Air Magic      | 4 5 6 7 8 9 11 12 | 12.4
Earth Magic    | 4 5 6 7 8 9 11 12 | 12.4
Alchemy        | 4 5 6 7 8 9 11 12 | 12.4
Fighting       | 1 3 5 7 8 9 |  9.3
Shields        | 5 6 |  6.3
Dodging        | |  2.1
Stealth        | |  1.5

Action                     |  1- 3 |  4- 6 |  7- 9 | 10-12 || total
---------------------------+-------+-------+-------+-------++-------
  Melee: Staff             |       |       |       |    42 ||    42
   Cast: Foxfire           |    50 |    79 |    75 |    57 ||   261
         Scorch            |     8 |    20 |    23 |    16 ||    67
         Volatile Blastmot |       |    11 |    23 |    59 ||    93
         Vampiric Draining |       |       |     5 |       ||     5
         Flame Wave        |       |       |    19 |    43 ||    62
         Inner Flame       |       |       |       |     1 ||     1
    Use: Scroll            |       |       |       |    19 ||    19
 Armour: Robe              |     8 |    11 |    24 |       ||    43
         Steam dragon scal |       |       |    12 |    31 ||    43
         Troll leather arm |       |       |       |    83 ||    83
  Dodge: Dodged            |     7 |    12 |    31 |    53 ||   103
  Block: Tower shield      |       |       |       |     2 ||     2
